 Seeded DCSS version 0.30.1-4-g462c640d31 (webtiles) character file.

Game seed: 6351066067085065685 (custom seed)

11 Esekla the Grave Robber (level 2, 0/15 HPs)
             Began as a Deep Elf Necromancer on Aug 19, 2023.
             Was an Initiate of Vehumet.
             Slain by an adder (4 damage)
             ... on level 3 of the Dungeon.
             The game lasted 00:06:38 (754 turns).

Esekla the Grave Robber (Deep Elf Necromancer)       Turns: 754, Time: 00:06:38

Health: 0/15       AC:  4    Str:  5    XL:     2   Next: 13%
Magic:  8/8        EV: 12    Int: 19    God:    Vehumet [......]
Gold:   83         SH:  0    Dex: 15    Spells: 6/7 levels left

rFire   . . .        c - +0 short sword
rCold   . . .        (no shield)
rNeg    . . .        a - +0 robe
rPois   .            i - +0 helmet
rElec   .            (no cloak)
rCorr   .            k - +0 pair of gloves
SInv    .            (no boots)
Will    .....        (no amulet)
Stlth   ++           (no ring)
HPRegen 0.22/turn    (no ring)
MPRegen 0.11/turn

%: no passive effects
@: no status effects
A: no striking features
a: Renounce Religion


You were on level 3 of the Dungeon.
You worshipped Vehumet.
Vehumet was noncommittal.
You visited 1 branch of the dungeon, and saw 4 of its levels.

You collected 83 gold pieces.

Inventory:

Hand Weapons
 c - a +0 short sword (weapon)
Armour
 a - a +0 robe (worn)
 i - a +0 helmet (worn)
 k - a +0 pair of gloves (worn)
Wands
 g - a wand of roots (9)
Scrolls
 e - a scroll of fear {unknown}
 m - a scroll of enchant armour {unknown}
Potions
 b - a potion of magic
 d - a potion of ambrosia {unknown}
 f - a potion of haste {unknown}
 h - a potion of mutation {unknown}
 j - a potion of curing {unknown}
 l - a potion of attraction {unknown}


   Skills:
 + Level 0.2 Short Blades
 * Level 2.6 Dodging
 + Level 2.6 Stealth
 * Level 3.1 Spellcasting
 + Level 5.1 Necromancy


You had 6 spell levels left.
You knew the following spells:

 Your Spells              Type           Power      Damage    Failure   Level
a - Necrotise             Necr           88%        1d8       1%          1

Your spell library contained the following spells:

 Spells                   Type           Power      Damage    Failure   Level
 Vampiric Draining        Necr           22%        2d7       5%          3
 Animate Dead             Necr           22%        N/A       19%         4
 Agony                    Necr           22%        N/A       45%         5


Dungeon Overview and Level Annotations

Branches:
Dungeon (4/15)
 Temple: D:4-7

Altars:
Okawaru
Qazlal
Vehumet
Zin

Shops:
D:2 =


Message History

The adder is lightly wounded.
The adder bites you.
You hit the adder but do no damage.
The adder is lightly wounded.
The adder bites you.
You are poisoned.
The adder poisons you! The adder closely misses you.
You hit the adder but do no damage.
The adder is lightly wounded.
You feel sick. The adder barely misses you.
You hit the adder but do no damage.
The adder is lightly wounded.
You feel sick. The adder barely misses you.
You closely miss the adder.
The adder is lightly wounded.
You feel sick. The adder bites you but does no damage.
You hit the adder.
The adder is moderately wounded.
You feel sick. The adder barely misses you. The adder misses you.
You hit the adder.
The adder is heavily wounded.
You feel sick.
You are no longer poisoned.
The adder bites you but does no damage.
You hit the adder.
The adder is severely wounded.
The adder closely misses you.
You hit the adder.
The adder is almost dead.
The adder barely misses you. x2
You barely miss the adder.
The adder is almost dead.
The adder bites you but does no damage.
You hit the adder.
The adder is almost dead.
The adder barely misses you.
You closely miss the adder.
The adder is almost dead.
The adder bites you.
You die...

#...........# #...........#
#...........###
#................
#.......######### #.......#
#.......# ##.......###
#...@S.....# #######....#
#....# #....# #....# ###
#....# ##....
##############....###......
#<...................S..._.
##############.####.##....


You could see an adder.

Vanquished Creatures
  2 ball pythons (D:1)
  An endoplasm (D:3)
  2 goblins
  A hobgoblin (D:3)
  A bat (D:3)
  A frilled lizard (D:1)
  2 kobolds
10 creatures vanquished.

Notes
Turn   | Place    | Note
-------+----------+-------------------------------------------
     0 | D:1      | Esekla the Deep Elf Necromancer began the quest for the
                  | Orb.
     0 | D:1      | Reached XP level 1. HP: 10/10 MP: 6/6
   135 | D:1      | Reached skill level 5 in Necromancy
   267 | D:2      | Found Renulab's Jewellery Shop.
   390 | D:4      | Found an iron altar of Okawaru.
   427 | D:4      | Found a glowing silver altar of Zin.
   475 | D:4      | Found a radiant altar of Vehumet.
   479 | D:4      | Became a worshipper of Vehumet
   623 | D:3      | Reached XP level 2. HP: 15/15 MP: 8/8
   722 | D:3      | Found a stormy altar of Qazlal.
   754 | D:3      | Slain by an adder

Illustrated notes

Levels and vault maps discovered:
D:1:      sevenhm_arrival_forest_fort_small_3, layout_rooms,
          chequers_serial_rivers_room_b, minmay_misc_feat_five
D:2:      layout_loops_ring, dreamdust_ecumenical_altar_angels_and_demons,
          serial_shops, shop
D:3:      layout_basic, grunt_temple_overflow_open, minmay_misc_feat_iff
D:4:      layout_basic, nicolae_overflow_quartered_altars, serial_shops,
          nicolae_diamond_shop

Skill      XL: |  1 |
---------------+----+-----
Necromancy     | 5 |  5.1
Short Blades   | |  0.2
Dodging        | |  2.6
Stealth        | |  2.6
Spellcasting   | |  3.1

Action                     || total
---------------------------++-------
  Melee: Short sword       ||    55
         Unarmed           ||     9
   Stab: Sleeping          ||     3
 Armour: Robe              ||    21
  Dodge: Dodged            ||    43
